 Seeded DCSS version 0.29-a0-375-g5102b3be25 (webtiles) character file.

Game seed: 20220502 (custom seed)

2145 klau3 the Carver (level 9, -2/79 HPs)
             Began as a Minotaur Berserker on May 3, 2022.
             Was an Elder of Trog.
             Slain by a centaur (3 damage)
             ... on level 7 of the Dungeon.
             The game lasted 00:27:33 (8029 turns).

klau3 the Carver (Minotaur Berserker)               Turns: 8029, Time: 00:27:34

Health: -2/79      AC:  6    Str: 22 (23) XL:     9   Next: 9%
Magic:  0/8        EV:  8    Int:  9 (10) God:    Trog [****..]
Gold:   366        SH:  5    Dex: 10 (13) Spells: 8/8 levels left

rFire   + . .      SeeInvis .   a - +0 falchion
rCold   x . .      Faith    .   m - +1 buckler
rNeg    . . .      Spirit   +   h - +0 chain mail
rPois   .          Reflect  .   (helmet restricted)
rElec   .          Harm     .   (no cloak)
rCorr   .          Rampage  .   (no gloves)
Will    +....                   (no boots)
Stlth   ..........              q - amulet of guardian spirit
HPRegen 0.23/turn               w - ring of fire
MPRegen 0.11/turn               l - +6 ring of intelligence

@: no status effects
A: horns 2, retaliatory headbutt, deformed body, strong-willed 1
a: Renounce Religion, Berserk, Trog's Hand, Brothers in Arms


You were on level 7 of the Dungeon.
You worshipped Trog.
Trog was greatly pleased with you.
You visited 1 branch of the dungeon, and saw 7 of its levels.
You also visited: Sewer.

You collected 366 gold pieces.

Inventory:

Hand Weapons
 a - a +0 falchion (weapon)
 s - a +1 whip of freezing
 F - a +3 whip
 I - a +0 falchion
Missiles
 g - 121 stones
 x - 9 poisoned darts (quivered)
 B - 2 throwing nets
Armour
 b - a +0 animal skin
 e - a +0 ring mail
 h - a +0 chain mail (worn)
 k - a +0 helmet
 m - a +1 buckler (worn)
Jewellery
 l - a +6 ring of intelligence (right hand)
 q - an amulet of guardian spirit (around neck)
 t - the amulet "Jafae" {-Tele rF+ Regen+ Dex+2}
   (You found it on level 4 of the Dungeon)

   [amulet of regeneration]

   Dex:       It affects your dexterity (+2).
   rF:        It protects you from fire.
   -Tele:     It prevents most forms of teleportation.
   Regen:     It increases your rate of health regeneration.
 v - an amulet of faith
 w - a ring of fire (left hand)
 H - an amulet of the acrobat
Wands
 y - a wand of flame (23)
Scrolls
 f - a scroll of amnesia
 i - 2 scrolls of teleportation
 j - 2 scrolls of identify
 p - a scroll of fog
 G - a scroll of enchant armour
 J - a scroll of enchant weapon
 K - a scroll of summoning
 L - a scroll of poison
Potions
 c - 5 potions of flight
 d - a potion of haste
 r - 2 potions of degeneration


   Skills:
 + Level 7.2 Fighting
 + Level 9.1 Long Blades
 + Level 1.5 Throwing
 + Level 8.0 Armour
 + Level 3.6 Dodging
 + Level 0.6 Stealth
 + Level 4.3 Shields


You had 8 spell levels left.
You didn't know any spells.
Your spell library contained the following spells:

 Spells                   Type           Power      Damage    Failure   Level
 Foxfire                  Conj/Fire      0%         2x1d4     98%         1
 Conjure Flame            Conj/Fire      0%         6-21      100%        3
 Ignite Poison            Fire/Tmut/Pois 0%         N/A       100%        3
 Inner Flame              Hex/Fire       0%         N/A       100%        3
 Mephitic Cloud           Conj/Pois/Air  0%         N/A       100%        3
 Flame Wave               Conj/Fire      0%         2d4       100%        4
 Freezing Cloud           Conj/Ice/Air   0%         6-21      100%        5


Dungeon Overview and Level Annotations

Branches:
Dungeon (7/15)             Temple (0/1) D:5           Sewer (visited)

Altars:
Ashenzari
Uskayaw
The Shining One

Annotations:
D:7 Dowan


Innate Abilities, Weirdness & Mutations

You have a pair of horns on your head.
You reflexively headbutt those who attack you in melee.
Armour fits poorly on your strangely shaped body.
You are strong-willed. (Will+)


Message History

Dowan blinks!
Dowan breathes, "And she was my only..."
You see here a poisoned dart.
Dowan mumbles some strange words.
Dowan blinks!
Things that are here:
a +0 rapier; a +0 leather armour Your surroundings suddenly seem different.
A centaur comes into view.
The centaur shouts!
You block the centaur's attack.
The centaur kicks you but does no damage.
The centaur hits you.
* * * LOW HITPOINT WARNING * * *
The centaur kicks you but does no damage.
You closely miss the centaur. You headbutt the centaur!
The centaur is moderately wounded.
The centaur hits you but does no damage.
The centaur kicks you but does no damage.
You hit the centaur. You headbutt the centaur!
The centaur is almost dead.
The centaur barely misses you. You furiously retaliate!
You headbutt the centaur, but do no damage.
The centaur kicks you.
* * * LOW HITPOINT WARNING * * *
You barely miss the centaur.
The centaur is almost dead.
You block the centaur's attack. x2
You hit the centaur but do no damage.
The centaur is almost dead.
The centaur barely misses you. You furiously retaliate!
You headbutt the centaur, but do no damage.
The centaur kicks you but does no damage.
The centaur hits you.
* * * LOW HITPOINT WARNING * * *
The centaur kicks you but does no damage.
You barely miss the centaur.
The centaur is almost dead.
The centaur closely misses you. The centaur kicks you.
You die... ########## .......@c# .#######.# .# .# .# .# .. .#

You could see a centaur.

Vanquished Creatures
  Pikel (D:4)
  A steam dragon (D:6)
  Duvessa (D:7)
  An orc warrior (D:7)
  An ice beast (D:5)
  2 black bears
  An ogre (D:5)
  2 kobold brigands (Sewer)
  2 necrophages
  A scorpion (D:5)
  An orc priest (D:6)
  4 hounds
  A jelly (D:7)
  A gnoll shaman (D:6)
  2 iguanas
  5 orc wizards
  Robin (D:2)
  12 adders
  5 gnolls (D:6)
  2 river rats (Sewer)
  A shadow imp (D:5)
  An ufetubus (D:3)
  5 worms
  3 dart slugs
  20 orcs
  11 ball pythons
  8 endoplasms
  9 giant cockroaches
  11 goblins
  8 hobgoblins
  8 quokkas
  4 bats
  4 frilled lizards
  9 kobolds
  6 rats
155 creatures vanquished.

Vanquished Creatures (others)
  2 fungi (D:1)
  3 plants (D:1)
5 creatures vanquished.

Grand Total: 160 creatures vanquished

Notes
Turn   | Place    | Note
-------+----------+-------------------------------------------
     0 | D:1      | klau3 the Minotaur Berserker began the quest for the Orb.
     0 | D:1      | Reached XP level 1. HP: 19/19 MP: 0/0
   322 | D:1      | Reached XP level 2. HP: 27/27 MP: 1/1
   604 | D:1      | Reached skill level 4 in Long Blades
   729 | D:1      | Found a faded altar of an unknown god.
  1100 | D:2      | Noticed Robin
  1112 | D:2      | Killed Robin
  1113 | D:2      | Reached XP level 3. HP: 7/33 MP: 2/2
  1563 | D:2      | Reached ** piety under Trog
  1717 | D:2      | Reached XP level 4. HP: 38/41 MP: 3/3
  2526 | D:3      | Reached skill level 5 in Long Blades
  2976 | D:3      | Reached XP level 5. HP: 47/47 MP: 4/4
  3348 | D:3      | Reached skill level 1 in Shields
  3539 | D:4      | Reached *** piety under Trog
  3570 | D:4      | Noticed a lemure
  3570 | D:4      | Noticed a lemure
  3570 | D:4      | Noticed a lemure
  3570 | D:4      | Noticed Pikel
  3571 | D:4      | Noticed a lemure
  3582 | D:4      | Killed Pikel
  3583 | D:4      | Reached skill level 5 in Fighting
  3583 | D:4      | Reached skill level 6 in Long Blades
  3583 | D:4      | Reached skill level 5 in Armour
  3583 | D:4      | Reached XP level 6. HP: 22/56 MP: 3/5
  3583 | D:4      | Reached XP level 7. HP: 24/61 MP: 3/6
  3587 | D:4      | Found a hide-covered altar of Uskayaw.
  3816 | D:4      | Identified the amulet "Jafae" {-Tele rF+ Regen+ Dex+2}
  4272 | D:4      | Found a glowing golden altar of the Shining One.
  4822 | D:5      | Entered Level 5 of the Dungeon
  4838 | D:5      | Reached skill level 7 in Long Blades
  4842 | D:5      | Reached XP level 8. HP: 51/70 MP: 4/7
  4893 | D:5      | Found a staircase to the Ecumenical Temple.
  5057 | D:5      | Found a glowing drain.
  5080 | Sewer    | Entered a sewer
  5088 | Sewer    | Reached **** piety under Trog
  6194 | D:6      | Found a broken altar of Ashenzari.
  6360 | D:6      | Reached skill level 8 in Long Blades
  7489 | D:7      | Reached skill level 1 in Throwing
  7719 | D:7      | Gained mutation: Armour fits poorly on your strangely
                  | shaped body. [potion of mutation]
  7719 | D:7      | Gained mutation: You are strong-willed. (Will+) [potion of
                  | mutation]
  7916 | D:7      | Reached skill level 9 in Long Blades
  7916 | D:7      | Reached XP level 9. HP: 64/79 MP: 5/8
  7999 | D:7      | Noticed Duvessa
  8001 | D:7      | Noticed Dowan
  8007 | D:7      | Killed Duvessa
  8021 | D:7      | HP: 2/79 [Dowan/+2 dagger of speed (6)]
  8026 | D:7      | HP: 1/79 [centaur (1)]
  8029 | D:7      | Slain by a centaur

Illustrated notes

Levels and vault maps discovered:
D:1:      psy_arrival_conway, layout_loops_ring,
          shapermc_ecumenical_altar_mp_urbaneastern
D:2:      layout_loops_cross, nrook_mini_backslash, uniq_robin
D:3:      layout_basic
D:4:      layout_gridville, lemuel_crystal_altar, tso_metal_star,
          minmay_misc_feat_chi, minmay_parallelograms, kennysheep_nub,
          minmay_checkerbox, uniq_pikel
D:5:      layout_loops_ring, minmay_temple_entry_grid, gup_sewer_entry_pipe
D:6:      layout_cave_pods, ashenzari_altar_1
D:7:      wad_guarded_room, layout_loops_ring, uniq_duvessa

Skill      XL: |  1  2  3  4  5  6  7  8  9 |
---------------+----------------------------+-----
Fighting       | 4 5 7 |  7.2
Long Blades    | 4 5 6 7 9 |  9.1
Armour         | 3 5 6 7 8 |  8.0
Shields        | 3 4 |  4.3
Dodging        | 3 |  3.6
Throwing       | 1 |  1.5
Stealth        | |  0.6

Action                   |  1- 3 |  4- 6 |  7- 9 || total
-------------------------+-------+-------+-------++-------
Melee: Falchion          |   108 |   119 |   340 ||   567
       Headbutt          |    15 |    15 |    68 ||    98
       Punch             |     1 |       |       ||     1
Throw: Dart              |       |       |    17 ||    17
  Use: Scroll            |       |     6 |     8 ||    14
       Potion            |       |       |    14 ||    14
Armor: Ring mail         |     5 |       |       ||     5
       Chain mail        |    57 |   105 |   180 ||   342
Dodge: Dodged            |    56 |    84 |   112 ||   252
Block: Buckler           |       |    33 |    79 ||   112

Table legend: (Time is in decaauts)
 A = Elapsed time spent in this place.
 B = Non-inter-level travel time spent in this place.
 C = Inter-level travel time spent in this place.
 D = Time resting spent in this place.
 E = Time spent auto-exploring this place.
 F = Levels seen in this place.
 G = Mean time per level.
                   A        B        C        D        E       F      G
               +--------+--------+--------+--------+--------+-----+--------+
         Total |   8137 |   8010 |    127 |   1415 |   2983 |   8 | 1017.1 |
       Dungeon |   7512 |   7385 |    127 |   1355 |   2877 |   7 | 1073.1 |
         Sewer |    625 |    625 |      0 |     60 |    106 |   1 |  625.0 |
               +--------+--------+--------+--------+--------+-----+--------+

Top non-repeatable levels by time:
     D:2: 1416 daAuts
     D:6: 1317 daAuts
     D:4: 1306 daAuts
     D:3: 1086 daAuts
     D:1: 1041 daAuts
     D:5: 811 daAuts
   Sewer: 625 daAuts
     D:7: 532 daAuts
